 Dungeon Crawl Stone Soup version 0.19.0 (webtiles) character file.

43 Jerry the Ogre Mage (level 3, -10/33 HPs)
             Began as an Ogre Fire Elementalist on Nov 1, 2016.
             Killed from afar by Ijyb (21 damage)
             ... with a wand of lightning
             ... on level 2 of the Dungeon.
             The game lasted 00:05:33 (1047 turns).

Jerry the Ogre Mage (Ogre Fire Elementalist)        Turns: 1047, Time: 00:05:43

Health: -10/33     AC:  3    Str: 13    XL:     3   Next: 58%
Magic:  7/7        EV: 10    Int: 15    God:
Gold:   94         SH:  0    Dex: 10    Spells: 2 memorised, 5 levels left

rFire  . . .     SeeInvis .     m - +0 hunting sling
rCold  . . .     Gourm    .     a - +0 robe
rNeg   . . .     Faith    .     (no shield)
rPois  .         Spirit   .     (helmet restricted)
rElec  .         Reflect  .     (no cloak)
rCorr  .         Harm     .     (gloves unavailable)
MR     .....     Rnd*Tele +     (boots unavailable)
Stlth  ++........               (no amulet)
                                (no ring)
                                j - ring of teleportation (curse)

@: no status effects
A: unfitting armour, tough skin 1
a: no special abilities


You were on level 2 of the Dungeon.
You were not hungry.

You visited 1 branch of the dungeon, and saw 2 of its levels.

You collected 94 gold pieces.

Inventory:

Hand Weapons
 l - a +0 whip
 m - a +0 hunting sling (weapon)
Missiles
 n - 28 stones (quivered)
 p - 21 sling bullets
Armour
 a - a +0 robe (worn)
Jewellery
 j - a cursed ring of teleportation (left hand)
Scrolls
 d - 2 scrolls of identify {unknown}
 e - a scroll of amnesia {unknown}
 g - 2 scrolls of teleportation {unknown}
 h - a scroll of recharging {unknown}
 i - 2 scrolls of remove curse {unknown}
Potions
 f - a potion of degeneration {unknown}
 o - a potion of mutation {unknown}
Books
 b - a book of Flames

   Spells                             Type                      Level
   a - Flame Tongue                   Conjuration/Fire             1
   b - Throw Flame                    Conjuration/Fire             2
   c - Conjure Flame                  Conjuration/Fire             3
   d - Inner Flame                    Hexes/Fire                   3
   e - Sticky Flame                   Conjuration/Fire             4
   f - Fireball                       Conjuration/Fire             5
Comestibles
 c - a bread ration
 k - 2 chunks of flesh


   Skills:
 + Level 1.5 Fighting
 - Level 1.7 Dodging
 - Level 1.4 Stealth
 + Level 3.1 Spellcasting
 + Level 1.3 Conjurations
 + Level 2.4 Fire Magic


You had 5 spell levels left.
You knew the following spells:

 Your Spells              Type           Power        Failure   Level  Hunger
a - Flame Tongue          Conj/Fire      #....        12%         1    #......
b - Throw Flame           Conj/Fire      #.....       14%         2    ##.....


Dungeon Overview and Level Annotations

Branches:
Dungeon (2/15)

Altars:
Cheibriados

Annotations:
D:2 Ijyb


Innate Abilities, Weirdness & Mutations

You are too large for most types of armour.
You have tough skin. (AC +1)


Message History

You shoot a stone. The stone hits the dart slug.
The dart slug is severely wounded.
Firing (i - inventory. (,) - cycle):
n - 30 stones (quivered)
Press: ? - help, Shift-Dir - straight line, f/p - dart slug
Aim: a dart slug (severely wounded)
You shoot a stone. The stone hits the dart slug.
You kill the dart slug!
Ijyb the Twisted Goblin comes into view.
She is wielding a dagger.
Found a scroll labeled DUNTOI WYMAYHAWA.
Firing (i - inventory. (,) - cycle):
n - 29 stones (quivered)
Press: ? - help, Shift-Dir - straight line, f - Ijyb
Aim: Ijyb, wielding a dagger and wearing a chain mail (resting)
You shoot a stone. The stone hits Ijyb.
Ijyb shouts!
Ijyb is moderately wounded.
Ijyb zaps a wand.
The bolt of lightning hits you!
Ouch! That really hurt!
It is a wand of lightning.
Ijyb zaps a wand.
The bolt of lightning hits you!
Ouch! That really hurt!
You die...

)...........#.##.## .#
#######...........###.#
#.................
#.###............. #)#
#.............
#.###.#.....##..#
.............%...
######.#.#...##..
.....#.@(#
.......(........
#.......(.....#..
#........(........
..........>.......
.................
...............
##?.#..#g##.#..


You could see Ijyb.

Vanquished Creatures
  An adder (D:2)
  3 dart slugs
  A leopard gecko (D:1)
  2 bats
  5 goblins
  2 hobgoblins
  5 kobolds
  2 ball pythons
  7 rats (D:1)
28 creatures vanquished.

Notes
Turn   | Place    | Note
-------+----------+-------------------------------------------
     0 | D:1      | Jerry the Ogre Fire Elementalist began the quest for the Orb.
     0 | D:1      | Reached XP level 1. HP: 16/16 MP: 3/3
     9 | D:1      | Found a snail-covered altar of Cheibriados.
    94 | D:1      | Reached skill level 1 in Fighting
   114 | D:1      | Reached XP level 2. HP: 2/27 MP: 2/5
   118 | D:1      | Learned a level 2 spell: Throw Flame
   778 | D:1      | Reached skill level 1 in Conjurations
   781 | D:1      | Reached XP level 3. HP: 20/33 MP: 4/7
   991 | D:2      | Reached skill level 3 in Spellcasting
  1046 | D:2      | Noticed Ijyb
  1047 | D:2      | Killed from afar by Ijyb

Skill      XL: |  1  2  3 |
---------------+----------+-----
Fighting       | 1 |  1.5
Conjurations   | 1 |  1.3
Spellcasting   | 3 |  3.1
Dodging        | |  1.7
Stealth        | |  1.4
Fire Magic     | |  2.4

Action                   || total
-------------------------++-------
Melee: Dagger            ||    39
       Whip              ||     6
 Fire: Hunting sling     ||    15
 Cast: Flame Tongue      ||    15
 Stab: Sleeping          ||     1
  Eat: Chunk             ||     1
Armor: Robe              ||     9
Dodge: Dodged            ||    28
